AoeStats
← nikolai3toaster

Arabia

507689893Analyzed
1v1 RM · 13d ago on Sep 19, 2026· 45m 37s· 2 players
Game mode
Random Map
Map size
Tiny (2 player)
Population
200
Speed
Normal
Resources
Standard
Victory
Conquest
Starting age
Dark Age
Ending age
Imperial Age
RankedLock teamsTeams togetherTeam positionsShared explorationLock speedFull tech treeHidden civsTurbo modeCheats
Victory
Defeat
🇹🇷 Poles · Türkiye
845
+13
🇨🇭 Poles · Switzerland
773
-13
Uggumka
10:20 Feudal Age
10:09 Loom
13:15 Double-Bit Axe
13:33 Horse Collar
16:52 Fletching
21:45 Castle Age
22:12 Scale Barding Armor
23:30 Husbandry
27:35 Wheelbarrow
28:19 Heavy Plow
28:49 Forging
30:21 Crossbowman
31:14 Padded Archer Armor
32:34 Bodkin Arrow
35:16 Hand Cart
36:06 Bow Saw
41:00 Imperial Age
40:22 Pikeman
41:03 Squires
41:24 Elite Skirmisher
41:38 Cavalier
44:49 Chain Barding Armor
45:05 Iron Casting
44:31 Bracer
nikolai3toaster
7:45 Loom
11:46 Feudal Age
12:19 Double-Bit Axe
17:22 Bloodlines
26:00 Stone Mining
26:06 Gold Mining
29:42 Castle Age
31:38 Padded Archer Armor
31:28 Fletching
31:48 Thumb Ring
31:49 Husbandry
32:41 Bow Saw
32:36 Horse Collar
32:21 Light Cavalry
35:46 Elite Skirmisher
37:15 Forging
37:11 Scale Barding Armor
37:02 Bodkin Arrow
37:23 Leather Archer Armor
44:55 Imperial Age
43:41 Szlachta Privileges
45:13 Winged Hussar
Connection lost

Rejoining the realm…

Still unreachable

The connection could not be restored.

Session expired

The server has moved on; the page needs a fresh start.